 Dungeon Crawl Stone Soup version 0.25-a0-346-g140ab784a8 (webtiles) character file.

Game seed: 14771449844837505581, levelgen mode: deterministic

97 BritishOli the Slasher (level 4, -5/34 HPs)
             Began as a Demonspawn Gladiator on Dec 31, 2019.
             Killed by divine providence
             ... invoked by an orc priest
              (16 damage)
             ... on level 3 of the Dungeon.
             The game lasted 00:01:54 (2043 turns).

BritishOli the Slasher (Demonspawn Gladiator)       Turns: 2043, Time: 00:01:55

Health: -5/34      AC:  6    Str: 15    XL:     4   Next: 42%
Magic:  4/4        EV: 13    Int: 10    God:
Gold:   181        SH:  0    Dex: 14    Spells: 3/3 levels left

rFire    . . .     SeeInvis .   a - +0 long sword
rCold    . . .     Gourm    .   (no shield)
rNeg     . . .     Faith    .   b - +0 leather armour
rPois    .         Spirit   .   c - +0 helmet
rElec    .         Reflect  .   (no cloak)
rCorr    .         Harm     .   (no gloves)
MR       .....                  (no boots)
Stlth    +.........             (no amulet)
HPRegen  0.11/turn              (no ring)
MPRegen  0.09/turn              (no ring)

@: no status effects
A: hooves 2, thin metallic scales 1
a: no special abilities


You were on level 3 of the Dungeon.
You were hungry.

You visited 1 branch of the dungeon, and saw 3 of its levels.

You collected 181 gold pieces.

Inventory:

Hand Weapons
 a - a +0 long sword (weapon)
Missiles
 d - 3 throwing nets (quivered)
Armour
 b - a +0 leather armour (worn)
 c - a +0 helmet (worn)
Scrolls
 e - 2 scrolls of remove curse {unknown}
 h - a scroll of noise {unknown}
 i - a scroll of identify {unknown}
 l - a scroll of magic mapping {unknown}
 m - a scroll of immolation {unknown}
Potions
 g - a potion of flight {unknown}
 j - a potion of berserk rage {unknown}
 k - a potion of brilliance {unknown}
Comestibles
 f - 5 rations


   Skills:
 + Level 2.8 Fighting
 + Level 3.9 Long Blades
 - Level 2.0 Throwing
 - Level 0.2 Armour
 - Level 3.0 Dodging
 - Level 0.1 Stealth


You had 3 spell levels left.
You didn't know any spells.
Your spell library was empty.

Dungeon Overview and Level Annotations

Branches:
Dungeon (3/15)

Altars:
Ashenzari
Elyvilon
Yredelemnul
The Shining One


Innate Abilities, Weirdness & Mutations

You have hoof-like feet.
You are partially covered in thin metallic scales. (AC +2)


Message History

An adder is nearby!
You slash the adder! You kick the adder.
You kill the adder!
No target in view!
No target in view!
You see here an adder corpse.
Found a hand axe.
No target in view!
An orc priest comes into view. It is wielding a +0 hand axe.
The orc priest shouts!
A worm comes into view.
The orc priest calls down the wrath of Beogh upon you.
Beogh smites you!
* * * LOW HITPOINT WARNING * * *
You hear a shout!
There are monsters nearby!
You are too injured to fight recklessly!
The orc priest invokes the aid of Beogh against you.
Beogh smites you!
You die...

###'######........
#...)....#........
#........#........
#........#........
###.######.......w
#.# #....#
#.######.o..#
#.#.........#
#.#@#......#.#.#
#.#†#.....## #.#
#.#.#....## #
####.#.#...##
#......+..##
#.######.## # #)#


You could see an orc priest.

Vanquished Creatures
  3 adders
  An ooze (D:1)
  A worm (D:3)
  3 dart slugs
  A leopard gecko (D:1)
  An orc (D:3)
  8 bats
  A giant cockroach (D:2)
  5 goblins
  8 hobgoblins
  4 jackals (D:2)
  5 kobolds
  A quokka (D:2)
  5 frilled lizards
  6 rats
53 creatures vanquished.

Notes
Turn   | Place    | Note
-------+----------+-------------------------------------------
     0 | D:1      | BritishOli the Demonspawn Gladiator began the quest for the
                  | Orb.
     0 | D:1      | Reached XP level 1. HP: 16/16 MP: 1/1
   113 | D:1      | Gained mutation: You are partially covered in thin metallic
                  | scales. (AC +2) [demonic ancestry]
   113 | D:1      | Reached XP level 2. HP: 22/22 MP: 2/2
   366 | D:1      | Gained mutation: You have large cloven feet. [demonic
                  | ancestry]
   366 | D:1      | Reached XP level 3. HP: 26/27 MP: 3/3
   753 | D:2      | Found a white marble altar of Elyvilon.
   841 | D:2      | Found a glowing golden altar of the Shining One.
   842 | D:2      | Found a shattered altar of Ashenzari.
   898 | D:2      | Found a basalt altar of Yredelemnul.
  1831 | D:3      | Gained mutation: You have hoof-like feet. [demonic
                  | ancestry]
  1831 | D:3      | Reached XP level 4. HP: 23/34 MP: 4/4
  2043 | D:3      | Killed from afar by an orc priest

Levels and vault maps discovered:
D:1:      sevenhm_arrival_forest_fort_large_4, layout_loops_cross
D:2:      layout_loops_cross, kennysheep_ying_yang,
          gammafunk_temple_overflow_statue, serial_co_window_serial,
          co_window_corner_a, co_window_corner_a, co_window_corner_a,
          co_window_paths_a, co_window_paths_a, co_window_of_opportunity_a,
          co_window_paths_a, co_window_broadway_b, co_window_2corner,
          co_window_unsneaky_path_e, co_window_corner_cb, co_window_2corner,
          co_window_4corner_b, glass_columns_a, glass_columns_a,
          glass_columns_a, glass_columns_a
D:3:      layout_basic, wad_orctagon

Skill      XL: |  1  2  3 |
---------------+----------+-----
Long Blades    | 3 |  3.9
Dodging        | 3 |  3.0
Throwing       | 2 |  2.0
Fighting       | |  2.8
Armour         | |  0.2
Stealth        | |  0.1

Action                   |  1- 3 |  4- 6 || total
-------------------------+-------+-------++-------
Melee: Long sword        |   101 |    22 ||   123
       Kick              |    15 |     7 ||    22
  Eat: Chunk             |     3 |       ||     3
Armor: Leather armour    |    28 |     5 ||    33
Dodge: Dodged            |    78 |    15 ||    93
       Rpst.: Long sword |    20 |     3 ||    23

Table legend:
 A = Non-vault XP
 B = Vault XP
 C = Vault XP percentage of total XP
 D = Non-vault monster count
 E = Vault monster count
 F = Vault count percentage of total count
                 A         B        C        D         E       F
            +---------+---------+-------+---------+---------+-------
      Total |     139 |       0 |   0.0 |      53 |       0 |   0.0
            +---------+---------+-------+---------+---------+-------
        D:1 |      49 |       0 |   0.0 |      24 |       0 |   0.0
        D:2 |      39 |       0 |   0.0 |      16 |       0 |   0.0
        D:3 |      51 |       0 |   0.0 |      13 |       0 |   0.0
            +---------+---------+-------+---------+---------+-------
